 Dungeon Crawl Stone Soup version 0.22-a0-247-gbddf880757 (webtiles) character file.

107476 MirrMurr the Spry (level 16, -30/80 HPs)
             Began as a Spriggan Berserker on Feb 24, 2018.
             Was the Champion of Trog.
             Annihilated by a large slime creature (37 damage)
             ... on level 3 of the Swamp.
             The game lasted 01:40:07 (38462 turns).

MirrMurr the Spry (Spriggan Berserker)             Turns: 38462, Time: 01:40:08

Health: -30/80     AC: 13    Str: 18    XL:     16   Next: 0%
Magic:  17/17      EV: 34    Int: 11    God:    Trog [******]
Gold:   1505       SH: 15    Dex: 21    Spells: 15/15 levels left

rFire    + . .     SeeInvis +   b - +4 scimitar (flame)
rCold    . . .     Gourm    .   B - +3 buckler
rNeg     . . .     Faith    .   N - +1 swamp dragon scales
rPois    +         Spirit   .   W - +2 hat
rElec    .         Reflect  +   E - +2 cloak {MR+}
rCorr    .         Harm     .   (gloves unavailable)
MR       +++..                  (boots unavailable)
Stlth    +++++++...             o - +3 amulet of reflection
HPRegen  0.23/turn              k - ring of protection from fire
MPRegen  0.15/turn              p - +6 ring of dexterity

@: studying Dodging, very quick
A: very small, unfitting armour, see invisible, herbivore, speed 3, slow
metabolism 2
a: Berserk, Trog's Hand, Brothers in Arms, Renounce Religion


You were on level 3 of the Swamp.
You worshipped Trog.
Trog was exalted by your worship.
You were not hungry.

You visited 5 branches of the dungeon, and saw 27 of its levels.
You also visited: Ossuary.

You collected 2894 gold pieces.
You spent 1389 gold pieces at shops.

Inventory:

Hand Weapons
 a - a +6 fustibalus of flaming
 b - a +4 scimitar of flaming (weapon)
 q - a +0 blowgun
 w - a +1 dagger of venom
Missiles
 f - 700 stones
 j - 39 tomahawks (quivered)
 m - 90 sling bullets
 D - 45 poisoned needles
 K - 5 throwing nets
 U - 7 poisoned tomahawks
Armour
 B - a +3 buckler (worn)
 E - a +2 cloak of magic resistance (worn)
 N - +1 swamp dragon scales (worn)
 V - a scarf of cloud immunity
 W - a +2 hat (worn)
Jewellery
 k - a ring of protection from fire (left hand)
 o - a +3 amulet of reflection (around neck)
 p - a +6 ring of dexterity (right hand)
 y - an uncursed ring of resist corrosion
 O - the ring "Raxan" {+Inv rF+ rC++ MR- Str+3}
   (You found it on level 6 of the Lair of Beasts)

   [ring of strength]

   It affects your strength (+3).
   It protects you from fire.
   It greatly protects you from cold.
   It affects your resistance to hostile enchantments.
   It lets you turn invisible.
 Q - an uncursed ring of poison resistance
Wands
 d - a wand of acid (10)
 H - a wand of iceblast (4)
 M - a wand of clouds (3)
 R - a wand of paralysis (11)
 Y - a wand of digging (15)
Scrolls
 i - 5 scrolls of identify
 n - 7 scrolls of fear
 r - 6 scrolls of remove curse
 t - a scroll of enchant weapon
 C - a scroll of fog
 F - 2 scrolls of magic mapping
 J - 3 scrolls of blinking
 X - 2 scrolls of summoning
Potions
 g - 12 potions of curing
 h - 5 potions of lignification
 s - 3 potions of invisibility
 u - a potion of mutation
 v - 4 potions of resistance
 x - 4 potions of agility
 z - 5 potions of ambrosia
 A - 4 potions of flight
 I - 3 potions of cancellation
 T - 10 potions of might
Books
 l - a manual of Dodging
Comestibles
 c - 28 rations


   Skills:
 + Level 7.6 Fighting
 * Level 9.8 Long Blades
   Level 8.4 Polearms
 - Level 14.0 Slings
 + Level 19.6 Dodging
 + Level 18.2 Stealth
 - Level 7.2 Shields


You had 15 spell levels left.
You didn't know any spells.

Dungeon Overview and Level Annotations

Branches:
Dungeon (15/15)            Temple (1/1) D:5            Lair (6/6) D:10
  Swamp (3/4) Lair:3       Spider (0/4) Lair:2        Slime (0/5) Lair:6
    Orc (2/2) D:12            Elf (0/3) Orc:2        Vaults (0/5) D:14
 Depths (0/5) D:15

Altars:
Ashenzari
Cheibriados
Dithmenos
Elyvilon
Hepliaklqana
Sif Muna
Uskayaw
Yredelemnul
Beogh
Lugonu

Shops:
D:6 =?}*?   D:8 [   D:10 }[%(!   D:14 *   Orc:1 ![   Orc:2 %[:*

Annotations:
Lair:3 exclusion: oklob plant


Innate Abilities, Weirdness & Mutations

You are very small and have problems with some larger weapons.
You are too small for most types of armour.
You have supernaturally acute eyesight. (SInv)
You are a herbivore.
You cover ground extremely quickly.
You need consume almost no food.


Message History

Unknown command.
You are too injured to fight recklessly!
Unknown command.
You are too injured to fight recklessly!
You are too injured to fight recklessly!
You slash the spiny frog! You burn the spiny frog.
The spiny frog is moderately wounded.
You block the large slime creature's attack.
The spiny frog completely misses you.
A spriggan rider comes into view. It is wielding a spear.
You barely miss the spiny frog.
The spiny frog is moderately wounded.
The large slime creature hits you!!
* * * LOW HITPOINT WARNING * * *
You block the spiny frog's attack.
The spriggan rider moves out of view.
You hear a shout!
You hit the spiny frog but do no damage.
The spiny frog is moderately wounded.
The large slime creature hits you!!!
You die...

♣
♣.≈≈≈≈≈≈♣♣
♣
♣♣.≈≈≈≈≈..♣
♣
♣.≈≈≈≈.≈..
♣
♣.....≈≈≈≈≈
♣
♣.♣♣♣≈≈≈≈♣.
♣ ♣≈♣ ≈≈≈≈≈
♣.♣♣♣♣.≈.≈
♣♣J.....≈.≈
♣@♣.≈♣..≈.≈
♣♣F§≈≈..≈..
♣♣≈≈≈..♣..
♣.w≈.....
♣....≈≈≈.
♣§≈≈≈≈≈≈.
.≈♣§≈....
≈≈≈≈..≈≈.
≈≈.≈≈♣♣♣.


You could see a large slime creature, a spiny frog and a swamp worm.

Vanquished Creatures
  Roxanne (D:14)
  An orc warlord (Orc:2)
  Louise (Swamp:1)
  A frost giant (D:15)
  A ghoul (Swamp:2)
  Azrael (D:15)
  Harold (Lair:2)
  A vault guard (D:14)
  2 ghost crabs (Swamp:2)
  6 hydras
  4 catoblepae
  2 death knights
  2 centaur warriors (D:15)
  12 two-headed ogres
  A tengu warrior (D:13)
  An ogre mage (D:15)
  4 death yaks (Lair:6)
  8 alligators
  Erica (Lair:2)
  4 orc high priests
  3 skeletal warriors (D:14)
  The ghost of RedPan the Insei, a novice DsMo of Cheibriados (D:8)
  A deep troll (D:14)
  4 spriggans
  An unseen horror (D:13)
  2 swamp dragons (Swamp:1)
  A shambling mangrove (Swamp:1)
  Pikel (D:8)
  6 orc knights
  6 orc sorcerers
  4 manticores
  9 ugly things
  2 cyclopes
  A deep elf mage (D:12)
  3 centaur zombies
  Psyche (D:9)
  A black mamba (Lair:3)
  2 gargoyles
  8 spiny frogs
  An efreet (D:13)
  6 kobold demonologists
  A rime drake (Lair:2)
  A harpy zombie (D:15)
  9 komodo dragons
  5 trolls
  2 queen bees
  3 tyrant leeches
  13 slime creatures
  12 bog bodies
  4 dream sheep (Lair:6)
  5 hornets
  12 blink frogs
  6 hippogriffs
  A meliai zombie (D:13)
  3 wyverns
  14 yaks (Lair:6)
  4 shadows
  5 fire elementals (D:15)
  A basilisk (Lair:1)
  The ghost of RedPan the Slasher, an amateur DsMo of Cheibriados (D:3)
  Grum (D:9)
  2 hungry ghosts
  27 vampire mosquitoes
  15 swamp worms
  A soldier ant (shapeshifter) (D:14)
  2 acid dragons
  Edmund (D:5)
  6 wargs
  7 water moccasins
  3 hell hounds (D:15)
  3 porcupines
  2 swamp drakes
  4 ice beasts
  4 slaves (D:8)
  An eye of draining (D:14)
  24 orc warriors
  15 ogres
  A phantom (D:11)
  2 sky beasts
  6 necrophages
  19 wolves
  25 centaurs
  6 crocodiles
  7 big kobolds
  10 bullfrogs
  7 scorpions
  54 killer bees
  22 wights
  3 howler monkeys
  An electric eel (Lair:3)
  6 crimson imps
  3 bullfrog zombies
  2 quasits (D:11)
  A bullfrog skeleton (D:6)
  2 hounds
  3 jellies
  3 centaur skeletons
  11 orc priests
  25 orc wizards
  2 iguanas
  11 worker ants
  A killer bee zombie (D:6)
  2 big kobold zombies (Ossuary)
  A hound skeleton (D:4)
  8 mummies (Ossuary)
  13 adders
  2 shadow imps
  An ooze (D:4)
  3 worms
  A dart slug (D:1)
  4 leopard geckos
  84 orcs
  9 bats
  2 giant cockroaches
  5 goblins
  11 hobgoblins
  8 jackals
  16 kobolds
  3 quokkas
  A ball python skeleton (D:4)
  6 frilled lizards
  2 gnoll zombies (Ossuary)
  2 hobgoblin zombies
  A jackal skeleton (D:5)
  3 kobold zombies (Ossuary)
  8 rats
  2 fungi
  3 plants
773 creatures vanquished.

Vanquished Creatures (collateral kills)
  The ghost of Roak the Grappler, a journeyman TrGl of Wu Jian (Lair:6)
1 creature vanquished.

Vanquished Creatures (others)
  2 centaur warriors (D:14)
  A manticore (D:15)
  3 cyclopes
  A centaur zombie (D:15)
  A yaktaur (D:15)
  A hornet zombie (D:15)
  4 centaurs
  An orc (Orc:2)
  3 fungi
  9 plants
  4 withered plants (D:15)
30 creatures vanquished.

Grand Total: 804 creatures vanquished

Notes
Turn   | Place    | Note
-------+----------+-------------------------------------------
     0 | D:1      | MirrMurr the Spriggan Berserker began the quest for the Orb.
     0 | D:1      | Reached XP level 1. HP: 11/11 MP: 2/2
   314 | D:1      | Reached skill level 1 in Stealth
   365 | D:1      | Reached XP level 2. HP: 16/16 MP: 3/3
   652 | D:1      | Reached ** piety under Trog
   792 | D:1      | Reached XP level 3. HP: 19/19 MP: 4/4
  1271 | D:2      | Reached skill level 5 in Dodging
  1941 | D:3      | Reached skill level 1 in Slings
  2241 | D:3      | Noticed RedPan's ghost (amateur DsMo)
  2330 | D:3      | Killed RedPan's ghost
  2330 | D:3      | Reached XP level 4. HP: 19/23 MP: 5/5
  2330 | D:3      | Reached XP level 5. HP: 23/27 MP: 6/6
  3190 | D:3      | Reached skill level 6 in Dodging
  3190 | D:3      | Reached XP level 6. HP: 24/32 MP: 7/7
  3294 | D:4      | Found a hide-covered altar of Uskayaw.
  3609 | D:4      | Reached *** piety under Trog
  3970 | D:5      | Entered Level 5 of the Dungeon
  4159 | D:5      | Received a gift from Trog
  4189 | D:5      | Reached XP level 7. HP: 35/35 MP: 8/8
  4215 | D:5      | Reached skill level 5 in Stealth
  4230 | D:5      | Reached skill level 5 in Slings
  4479 | D:5      | Noticed Edmund
  4602 | D:5      | Killed Edmund
  5192 | D:5      | Found a staircase to the Ecumenical Temple.
  5206 | Temple   | Entered the Ecumenical Temple
  5239 | D:6      | Reached skill level 7 in Dodging
  5802 | D:6      | Found a shadowy altar of Dithmenos.
  5897 | D:6      | Reached XP level 8. HP: 39/39 MP: 9/9
  6030 | D:6      | Found Quuham's Jewellery Emporium.
  6066 | D:6      | Bought a +3 amulet of reflection for 172 gold pieces
  6212 | D:6      | Reached skill level 8 in Dodging
  6258 | D:6      | Found Juitowk's Gadget Shoppe.
  6582 | D:6      | Found Emaxkapt's Magic Scroll Emporium.
  6588 | D:6      | Bought a scroll of identify for 26 gold pieces
  6648 | D:6      | Found Meaf's General Store.
  6673 | D:6      | Found Giklab's Magic Scroll Shop.
  7021 | D:7      | Reached **** piety under Trog
  7037 | D:7      | HP: 1/39 [orc wizard/magic dart (8)]
  7356 | D:7      | Received a gift from Trog
  7422 | D:7      | Found a sand-covered staircase.
  7429 | Ossuary  | Entered an ossuary
  7579 | Ossuary  | Reached XP level 9. HP: 43/43 MP: 10/10
  7894 | D:7      | Reached skill level 9 in Dodging
  8505 | D:8      | Found Singing's Armour Shoppe.
  8513 | D:8      | Reached skill level 5 in Polearms
  8792 | D:8      | Received a gift from Trog
  9070 | D:8      | Noticed Pikel
  9104 | D:8      | Killed Pikel
  9104 | D:8      | Reached skill level 10 in Slings
  9335 | D:8      | Noticed RedPan's ghost (novice DsMo)
  9413 | D:8      | Reached skill level 10 in Dodging
  9790 | D:8      | Killed RedPan's ghost
  9790 | D:8      | Reached XP level 10. HP: 47/47 MP: 11/11
  9965 | D:9      | Noticed Grum
 10004 | D:8      | Reached skill level 10 in Stealth
 10281 | D:9      | Killed Grum
 10365 | D:9      | Noticed Psyche
 10394 | D:9      | Killed Psyche
 10618 | D:9      | Noticed a two-headed ogre
 10635 | D:9      | Killed a two-headed ogre
 10970 | D:10     | Entered Level 10 of the Dungeon
 11005 | D:10     | Found Oshasygu's Distillery.
 11083 | D:10     | Found Qicvuvak's Weapon Emporium.
 11196 | D:10     | Reached skill level 11 in Dodging
 11468 | D:10     | Found Urowk's Gadget Emporium.
 11512 | D:10     | Found a staircase to the Lair.
 11541 | D:10     | Noticed a two-headed ogre
 11569 | D:10     | Killed a two-headed ogre
 11610 | D:10     | Found Qaluz's Food Emporium.
 11794 | D:10     | Found Kump's Armour Shoppe.
 11797 | D:10     | Bought a +2 cloak of magic resistance for 215 gold pieces
 11809 | D:10     | Received a gift from Trog
 12280 | D:11     | Found a corrupted altar of Lugonu.
 12307 | D:11     | Reached ***** piety under Trog
 12307 | D:11     | Reached XP level 11. HP: 51/51 MP: 12/12
 12352 | D:11     | Noticed an eight-headed hydra
 12399 | D:11     | Killed an eight-headed hydra
 12401 | D:11     | Received a gift from Trog
 13149 | D:11     | Noticed a two-headed ogre
 13190 | D:11     | Killed a two-headed ogre
 13190 | D:11     | Reached skill level 12 in Dodging
 13788 | D:11     | Noticed a two-headed ogre
 13813 | D:11     | Killed a two-headed ogre
 13964 | Lair:1   | Entered Level 1 of the Lair of Beasts
 14100 | Lair:1   | Received a gift from Trog
 14210 | Lair:1   | Noticed a six-headed hydra
 14862 | Lair:1   | Killed a six-headed hydra
 15996 | Lair:2   | Found a hole to the Spider Nest.
 16244 | Lair:2   | Noticed Harold
 16260 | Lair:2   | Killed Harold
 16260 | Lair:2   | Reached XP level 12. HP: 14/56 MP: 13/13
 16383 | Lair:2   | Reached skill level 13 in Dodging
 16955 | Lair:2   | Got a scintillating platinum ring
 16963 | Lair:2   | Identified the ring of Vimoisig {Ice Dex+7} (You found it on level 2 of the Lair of Beasts)
 16989 | Lair:2   | Noticed Erica
 17019 | Lair:2   | Killed Erica
 17858 | Lair:3   | Found a staircase to the Swamp.
 17994 | Lair:3   | Found a white marble altar of Elyvilon.
 18029 | Lair:3   | Received a gift from Trog
 18162 | Lair:3   | Noticed a catoblepas
 18218 | Lair:3   | Killed a catoblepas
 18329 | Lair:3   | Reached skill level 14 in Dodging
 20306 | Lair:5   | Noticed a four-headed hydra
 20333 | Lair:5   | Killed a four-headed hydra
 20333 | Lair:5   | Reached skill level 1 in Shields
 20472 | Lair:5   | Received a gift from Trog
 20472 | Lair:5   | Reached skill level 1 in Long Blades
 21049 | Lair:5   | Found a deep blue altar of Sif Muna.
 21413 | Lair:6   | Entered Level 6 of the Lair of Beasts
 21759 | Lair:6   | Paralysed by a Zot trap for 4 turns
 22044 | Lair:6   | Reached XP level 13. HP: 48/60 MP: 14/14
 22070 | Lair:6   | Found a staircase to the Slime Pits.
 22148 | Lair:6   | Noticed Roak's ghost (journeyman TrGl)
 22217 | Lair:6   | Got a sparkling copper ring
 22222 | Lair:6   | Identified the ring "Raxan" {+Inv rF+ rC++ MR- Str+3} (You found it on level 6 of the Lair of Beasts)
 22559 | Lair:6   | Killed Roak's ghost
 22559 | Lair:6   | Reached skill level 15 in Stealth
 24754 | Lair:6   | Reached skill level 15 in Dodging
 25055 | D:12     | Found a snail-covered altar of Cheibriados.
 25186 | D:12     | Found a staircase to the Orcish Mines.
 25468 | D:12     | Received a gift from Trog
 26193 | Orc:1    | Entered Level 1 of the Orcish Mines
 26311 | Orc:1    | Found Lajif's Distillery.
 26435 | Orc:1    | Found Hagat's Armour Shoppe.
 26838 | Orc:2    | Entered Level 2 of the Orcish Mines
 26902 | Orc:1    | Reached skill level 5 in Long Blades
 27240 | Orc:2    | Received a gift from Trog
 27282 | Orc:2    | Noticed an orc warlord
 27372 | Orc:2    | Killed an orc warlord
 27372 | Orc:2    | Reached skill level 5 in Shields
 27536 | Orc:2    | Found a roughly hewn altar of Beogh.
 27603 | Orc:2    | Found a staircase to the Elven Halls.
 27643 | Orc:2    | Reached XP level 14. HP: 47/67 MP: 15/15
 27790 | Orc:2    | Reached skill level 5 in Fighting
 28002 | Orc:2    | Received a gift from Trog
 28040 | Orc:2    | Reached skill level 16 in Dodging
 28611 | Orc:2    | Received a gift from Trog
 28703 | Orc:2    | Reached ****** piety under Trog
 28762 | Orc:2    | Found Tanamp's Food Emporium.
 28762 | Orc:2    | Found Mushe's Assorted Antiques.
 28770 | Orc:2    | Found Semelliu's Book Shop.
 28770 | Orc:2    | Found Avoafa's Armour Emporium.
 28786 | Orc:2    | Bought a scroll labeled JUSIMADUZO for 35 gold pieces
 29245 | D:6      | Bought a scroll of acquirement for 676 gold pieces
 29245 | D:6      | Bought a scroll of blinking for 97 gold pieces
 29246 | D:6      | Got a faintly humming robe
 29415 | D:13     | Identified the +2 robe of Dice, Bag, and Bottle {rC++ Int-3 Dex+2 Slay+2} (You acquired it on level 6 of the Dungeon)
 31016 | D:14     | Received a gift from Trog
 31327 | D:14     | Received a gift from Trog
 31625 | D:14     | Reached skill level 17 in Dodging
 31775 | D:14     | Noticed Roxanne
 31815 | D:14     | HP: 1/69 [Roxanne/orb of energy (13)]
 31936 | D:14     | HP: 2/69 [Roxanne/iron shot (23)]
 31946 | D:14     | Killed Roxanne
 31990 | D:14     | Received a gift from Trog
 32217 | D:14     | Found Aquoshroff's Changing Room.
 32538 | D:14     | Found a gate to the Vaults.
 33104 | D:10     | Bought 28 sling bullets for 168 gold pieces
 33194 | D:15     | Entered Level 15 of the Dungeon
 33414 | D:15     | Reached XP level 15. HP: 73/73 MP: 16/16
 33941 | D:15     | Reached skill level 18 in Dodging
 33954 | D:15     | Received a gift from Trog
 34019 | D:15     | Noticed Azrael
 34042 | D:15     | Killed Azrael
 34282 | D:15     | Found a basalt altar of Yredelemnul.
 34450 | D:15     | Found a staircase to the Depths.
 34450 | D:15     | Noticed a frost giant
 34467 | D:15     | Killed a frost giant
 34703 | Swamp:1  | Entered Level 1 of the Swamp
 34825 | Swamp:1  | You fall through a shaft!
 35403 | Swamp:2  | Received a gift from Trog
 35889 | Swamp:1  | Noticed a thorn hunter
 36021 | Swamp:1  | Noticed Louise
 36040 | Swamp:1  | Killed Louise
 36107 | Swamp:1  | Reached skill level 19 in Dodging
 36246 | Swamp:1  | Received a gift from Trog
 38458 | Swamp:3  | Reached XP level 16. HP: 55/80 MP: 17/17
 38462 | Swamp:3  | Annihilated by a large slime creature

Vault maps used:
D:1:      minmay_arrival_nine_rooms
D:2:      minivault_25
D:3:      first_ration, st_stairs_1
D:4:      lemuel_crystal_altar
D:5:      temple_fountains, uniq_edmund
D:6:      serial_shops, shop, nicolae_shop_statue_plus, shop,
          nicolae_shop_waterfront, nicolae_shop_behind_doors,
          nicolae_dithmenos_shadow_blocks
D:7:      serial_corexii_hall, corexii_hall_statues_i, corexii_hall_statues_s,
          enter_ossuary_3
D:8:      serial_shops, shop, minmay_misc_feat_enclosed, uniq_pikel
D:9:      uniq_psyche, uniq_grum
D:10:     lair_entry_dummy, serial_shops, nicolae_shop_behind_doors,
          kennysheep_little_box, shop, shop, nicolae_shop_behind_doors
D:11:     kennysheep_kobold_lugonu_temple
D:12:     orc_0_dummy, david_nohive_1, cheibriados_altar_1
D:14:     david_vaults_4, minmay_misc_feat_hallway, nicolae_transmutations_shop,
          uniq_roxanne
D:15:     grunt_enter_depths_snipers, yredelemnul_altar_generic, uniq_azrael
Temple:   grunt_wide_crystal_templ
Lair:1:   special_room, minmay_holes, serial_bayou_lagoon_a, lemuel_fruit_fields
Lair:2:   spider_nest_entry_web_field, uniq_harold, uniq_erica
Lair:3:   minmay_swamp_entry_swarm, lemuel_oklob_altar
Lair:4:   nicolae_quartered_pool_medium
Lair:5:   basic_altar
Lair:6:   evilmike_catoblepas_cave, minmay_slime_entry_pillars, serial_forest,
          infiniplex_forest_clump_curved, infiniplex_forest_clump_diagonal,
          infiniplex_forest_clump_small, infiniplex_forest_corner_2,
          infiniplex_forest_clump_double, infiniplex_forest_clump_diagonal,
          serial_bayou_pond_d, serial_bayou_shore_b
Swamp:1:  nicolae_swamp_round_clearing, swamp_pool4, infiniplex_staircase_pool,
          uniq_louise
Swamp:2:  evilmike_swamp_ruin_house_6, swamp_pool4, hangedman_swamp_ravenous
Swamp:3:  evilmike_swamp_ruin_house_3
Orc:1:    serial_shops, shop_statue, nicolae_shop_waterfront
Orc:2:    grunt_orc_tribal_feast, basic_altar
Ossuary:  ossuary_tomb_3

Skill      XL: |  1  2  3  4  5  6  7  8  9 10 11 12 13 14 15 |
---------------+----------------------------------------------+-----
Stealth        | 1 3 4 6 8 9 11 13 14 15 17 18 | 18.2
Dodging        | 5 6 7 8 10 11 12 14 15 17 19 | 19.6
Slings         | 3 4 6 8 10 12 14 | 14.0
Polearms       | 3 4 5 6 7 8 |  8.4
Fighting       | 3 4 6 7 |  7.6
Shields        | 2 5 7 |  7.2
Long Blades    | 2 5 7 9 |  9.8

Action                   |  1- 3 |  4- 6 |  7- 9 | 10-12 | 13-15 | 16-18 || total
-------------------------+-------+-------+-------+-------+-------+-------++-------
Melee: Spear             |   113 |    70 |    71 |       |       |       ||   254
       Trident           |       |       |    59 |   346 |       |       ||   405
       Scimitar          |       |       |       |    32 |   518 |     4 ||   554
       Hunting sling     |       |       |       |       |     2 |       ||     2
       Dagger            |       |       |       |       |     2 |       ||     2
 Fire: Hunting sling     |    77 |   102 |   456 |  1171 |  2237 |       ||  4043
Invok: Berserk           |     1 |       |     4 |     3 |     7 |       ||    15
       Trog's Hand       |       |       |       |     4 |     1 |       ||     5
       Brothers in Arms  |       |       |       |       |     1 |       ||     1
Evoke: Wand              |       |       |       |     1 |    19 |       ||    20
  Use: Scroll            |     7 |     3 |     7 |    21 |    19 |       ||    57
       Potion            |       |       |       |     6 |     5 |       ||    11
 Stab: Sleeping          |     3 |     1 |       |     2 |     3 |       ||     9
       Distracted        |       |       |       |     1 |     4 |       ||     5
  Eat: Ration            |       |     1 |     4 |     8 |    11 |       ||    24
Armor: Animal skin       |     9 |     5 |     2 |       |       |       ||    16
       Robe              |       |       |     4 |    49 |     5 |       ||    58
       Troll leather arm |       |       |       |       |    48 |       ||    48
       Swamp dragon scal |       |       |       |       |    23 |       ||    23
Dodge: Dodged            |    50 |    60 |   144 |   695 |   772 |     2 ||  1723
Block: Other             |       |       |    13 |    77 |       |       ||    90
       Reflection        |       |       |       |     1 |    55 |       ||    56
       Buckler           |       |       |       |    49 |   710 |     3 ||   762
       Rpst.: Scimitar   |       |       |       |       |   112 |       ||   112

Table legend:
 A = Spawn XP
 B = Non-spawn XP
 C = Spawn XP percentage of total XP
 D = Spawn monster count
 E = Non-spawn monster count
 F = Spawn count percentage of total count
 G = Total turns spent on level
                    A         B        C        D         E        F      G
               +---------+---------+-------+---------+---------+-------+---------
         Total |       0 |  153538 |   0.0 |       0 |     776 |   0.0 | 38462
               +---------+---------+-------+---------+---------+-------+---------
           D:1 |       0 |      51 |   0.0 |       0 |      31 |   0.0 |  1265
           D:2 |       0 |      11 |   0.0 |       0 |       7 |   0.0 |   637
           D:3 |       0 |     319 |   0.0 |       0 |      26 |   0.0 |  1260
           D:4 |       0 |     244 |   0.0 |       0 |      15 |   0.0 |   821
           D:5 |       0 |     366 |   0.0 |       0 |      12 |   0.0 |  1733
           D:6 |       0 |    1105 |   0.0 |       0 |      25 |   0.0 |  1126
           D:7 |       0 |     943 |   0.0 |       0 |      26 |   0.0 |  1381
           D:8 |       0 |    2689 |   0.0 |       0 |      23 |   0.0 |  1867
           D:9 |       0 |    1808 |   0.0 |       0 |       6 |   0.0 |   760
          D:10 |       0 |    2820 |   0.0 |       0 |      39 |   0.0 |  1579
          D:11 |       0 |    5462 |   0.0 |       0 |      39 |   0.0 |  1698
          D:12 |       0 |    5288 |   0.0 |       0 |      44 |   0.0 |  1220
          D:13 |       0 |    9956 |   0.0 |       0 |      47 |   0.0 |  1628
          D:14 |       0 |   18381 |   0.0 |       0 |      54 |   0.0 |  2212
          D:15 |       0 |   19837 |   0.0 |       0 |      48 |   0.0 |  1262
        Lair:1 |       0 |    4878 |   0.0 |       0 |      38 |   0.0 |  2041
        Lair:2 |       0 |    4661 |   0.0 |       0 |      14 |   0.0 |  1754
        Lair:3 |       0 |    5579 |   0.0 |       0 |      21 |   0.0 |  1363
        Lair:4 |       0 |    2518 |   0.0 |       0 |      13 |   0.0 |  1299
        Lair:5 |       0 |    2728 |   0.0 |       0 |       9 |   0.0 |  1185
        Lair:6 |       0 |   14484 |   0.0 |       0 |      39 |   0.0 |  3490
       Swamp:1 |       0 |   12628 |   0.0 |       0 |      34 |   0.0 |  1249
       Swamp:2 |       0 |   12674 |   0.0 |       0 |      33 |   0.0 |  1873
       Swamp:3 |       0 |    6658 |   0.0 |       0 |      21 |   0.0 |   563
         Orc:1 |       0 |    3847 |   0.0 |       0 |      19 |   0.0 |   829
         Orc:2 |       0 |   13396 |   0.0 |       0 |      77 |   0.0 |  2064
       Ossuary |       0 |     207 |   0.0 |       0 |      16 |   0.0 |   301
               +---------+---------+-------+---------+---------+-------+---------
